TOP OF THE 1ST |
H.H. Dow HS Chargers batting - Pitching for John Jay HS Patriots : LHP Jamal Roach
|
Pitching: LHP Jamal Roach
|
|
Batting: RHB Mario Ramírez
|
0-0: Ball 1-0: Ball 2-0: Ball 3-0: Called Strike 3-1: Called Strike 3-2: Foul Ball, location: 2F 3-2: Ground out 6-3 (Groundball, 56)
|
Batting: LHB Walt George
|
0-0: Fly out, F8 (Flyball, 8RM)
|
Batting: RHB Melvin Matthews
|
0-0: Ball 1-0: Foul Ball, location: 2F 1-1: SINGLE (Groundball, 4D)
|
Batting: RHB Lee Kestle
|
0-0: Ball 1-0: Ball 2-0: Called Strike 2-1: Swinging Strike 2-2: Strikes out swinging
|
Top of the 1st over - 0 run(s), 1 hit(s), 0 error(s), 1 left on base; H.H. Dow HS 0 - John Jay HS 0 |
BOTTOM OF THE 1ST |
John Jay HS Patriots batting - Pitching for H.H. Dow HS Chargers : RHP James West
|
Pitching: RHP James West
|
|
Batting: RHB Ronald Cleveland
|
0-0: Called Strike 0-1: Ball 1-1: Called Strike 1-2: Ball 2-2: Foul Ball, location: 2F 2-2: Ball 3-2: Foul Ball, location: 2F 3-2: Base on Balls
|
Batting: LHB Jeff Egbert
|
0-0: Ball 1-0: Swinging Strike 1-1: Fly out, F8 (Flyball, 78M)
|
Batting: RHB Gunnar Wallace
|
0-0: Ball Ronald Cleveland steals 2nd base 1-0: Fly out, F9 (Line Drive, 9)
|
Batting: LHB Dean Kelly
|
0-0: Called Strike 0-1: Foul Ball, location: 2F 0-2: Ball 1-2: SINGLE (Flyball, 78S) Ronald Cleveland to third Runner from 3rd tries for Home, SAFE, no throw
|
Batting: RHB Kevin Hawkins
|
0-0: Ball 1-0: Ball 2-0: Ball 3-0: Base on Balls Dean Kelly to second
|
Batting: SHB António Villa
|
0-0: Ball 1-0: Foul Ball, location: 2F 1-1: Foul Ball, location: 2F 1-2: Strikes out swinging
|
Bottom of the 1st over - 1 run(s), 1 hit(s), 0 error(s), 2 left on base; H.H. Dow HS 0 - John Jay HS 1 |
TOP OF THE 2ND |
H.H. Dow HS Chargers batting - Pitching for John Jay HS Patriots : LHP Jamal Roach
|
Batting: SHB Bob Erwin
|
0-0: Called Strike 0-1: Foul Ball, location: 2F 0-2: Ball 1-2: Ball 2-2: Foul Ball, location: 2F 2-2: Ball 3-2: Foul Ball, location: 2F 3-2: DOUBLE (Groundball, 5L)
|
Batting: RHB John Hughes
|
0-0: Called Strike Bob Erwin is caught stealing 3rd base 0-1: Swinging Strike 0-2: Foul Ball, location: 2F 0-2: SINGLE (Line Drive, 4D)
|
Batting: RHB Roy Lovell
|
0-0: Ball 1-0: Called Strike 1-1: Ball 2-1: Foul Ball, location: 2F 2-2: Foul Ball, location: 2F 2-2: Strikes out swinging
|
Batting: LHB Joaquín Trejo
|
0-0: Ball 1-0: Called Strike 1-1: Called Strike 1-2: Strikes out swinging
|
Top of the 2nd over - 0 run(s), 2 hit(s), 0 error(s), 1 left on base; H.H. Dow HS 0 - John Jay HS 1 |
BOTTOM OF THE 2ND |
John Jay HS Patriots batting - Pitching for H.H. Dow HS Chargers : RHP James West
|
Batting: RHB Ken Williams
|
0-0: Called Strike 0-1: Ball 1-1: Swinging Strike 1-2: Strikes out swinging
|
Batting: SHB Oliver Miles
|
0-0: Called Strike 0-1: Reached on error, E3 (Groundball, 34)
|
Batting: RHB Weldon Bell
|
0-0: Ball 1-0: Grounds into double play, 1-6-3 (Groundball, 13S)
|
Bottom of the 2nd over - 0 run(s), 0 hit(s), 1 error(s), 0 left on base; H.H. Dow HS 0 - John Jay HS 1 |
TOP OF THE 3RD |
H.H. Dow HS Chargers batting - Pitching for John Jay HS Patriots : LHP Jamal Roach
|
Batting: RHB Greg Finley
|
0-0: Foul Ball, location: 2F 0-1: Ball 1-1: Fly out, F9 (Flyball, 9LM)
|
Batting: RHB Mario Ramírez
|
0-0: Called Strike 0-1: Ball 1-1: Ball 2-1: Ball 3-1: Base on Balls
|
Batting: LHB Walt George
|
0-0: Called Strike Mario Ramírez steals 2nd base 0-1: SINGLE (Line Drive, 89S) Mario Ramírez to third Runner from 3rd tries for Home, SAFE, no throw
|
Batting: RHB Melvin Matthews
|
0-0: Called Strike 0-1: Foul Ball, location: 2F 0-2: Ball 1-2: Fly out, F9 (Flyball, 9S)
|
Batting: RHB Lee Kestle
|
0-0: Ball 1-0: Foul Ball, location: 2F 1-1: Swinging Strike 1-2: SINGLE (Flyball, 78S) Walt George to second Runner from 2nd tries for 3rd, SAFE, no throw
|
Batting: SHB Bob Erwin
|
0-0: Called Strike 0-1: Foul Ball, location: 2F 0-2: Ball 1-2: SINGLE (Line Drive, 4D) Walt George scores Lee Kestle to second Runner from 2nd tries for 3rd, SAFE, throw made to third Bob Erwin to second
|
Batting: RHB John Hughes
|
0-0: Ball 1-0: Swinging Strike 1-1: Ball 2-1: Swinging Strike 2-2: Ball 3-2: Foul Ball, location: 2F 3-2: Base on Balls
|
Batting: RHB Roy Lovell
|
0-0: Called Strike 0-1: Ball 1-1: Ball 2-1: SINGLE (Flyball, 89S) Lee Kestle scores Bob Erwin to third John Hughes to second Throwing error, E8 Bob Erwin scores John Hughes to third Roy Lovell to second
|
Batting: LHB Joaquín Trejo
|
0-0: Called Strike 0-1: Fly out, F7 (Flyball, 7LMF)
|
Top of the 3rd over - 4 run(s), 4 hit(s), 1 error(s), 2 left on base; H.H. Dow HS 4 - John Jay HS 1 |
BOTTOM OF THE 3RD |
John Jay HS Patriots batting - Pitching for H.H. Dow HS Chargers : RHP James West
|
Batting: RHB Ronald Cleveland
|
0-0: Ball 1-0: Called Strike 1-1: Foul Ball, location: 2F 1-2: Strikes out swinging
|
Batting: LHB Jeff Egbert
|
0-0: DOUBLE (Line Drive, 89D)
|
Batting: RHB Gunnar Wallace
|
0-0: Called Strike 0-1: 2-RUN HOME RUN (Flyball, 78XD), Distance : 435 ft
|
Batting: LHB Dean Kelly
|
0-0: Ball 1-0: Ball 2-0: Called Strike 2-1: Ball 3-1: Foul Ball, location: 2F 3-2: SINGLE (Groundball, 2L) (infield hit)
|
Batting: RHB Kevin Hawkins
|
0-0: Ball 1-0: Foul Ball, location: 2F 1-1: Ball 2-1: Fly out, F9 (Line Drive, 9)
|
Batting: SHB António Villa
|
0-0: Swinging Strike 0-1: Ball 1-1: Ball 2-1: Swinging Strike 2-2: Foul Ball, location: 2F 2-2: Ball 3-2: SINGLE (Line Drive, 89M) Dean Kelly to second Dean Kelly to third
|
Batting: RHB Ken Williams
|
0-0: Called Strike 0-1: Ball 1-1: Ground out 5-3 (Groundball, 56S)
|
Bottom of the 3rd over - 2 run(s), 4 hit(s), 0 error(s), 2 left on base; H.H. Dow HS 4 - John Jay HS 3 |
TOP OF THE 4TH |
H.H. Dow HS Chargers batting - Pitching for John Jay HS Patriots : LHP Jamal Roach
|
Batting: RHB Greg Finley
|
0-0: Called Strike 0-1: Foul Ball, location: 2F 0-2: Strikes out swinging
|
Batting: RHB Mario Ramírez
|
0-0: Ball 1-0: Ball 2-0: Swinging Strike 2-1: Ball 3-1: Base on Balls
|
Pitching: RHP Arturo Martínez
|
|
Batting: LHB Walt George
|
0-0: Fly out, F9 (Flyball, 89M)
|
Batting: RHB Melvin Matthews
|
0-0: Ball 1-0: Swinging Strike 1-1: Ball 2-1: Foul Ball, location: 2F 2-2: Ball 3-2: Ground out 5-3 (Groundball, 5)
|
Top of the 4th over - 0 run(s), 0 hit(s), 0 error(s), 1 left on base; H.H. Dow HS 4 - John Jay HS 3 |
BOTTOM OF THE 4TH |
John Jay HS Patriots batting - Pitching for H.H. Dow HS Chargers : RHP James West
|
Batting: SHB Oliver Miles
|
0-0: Ball 1-0: Swinging Strike 1-1: Ground out 4-3 (Groundball, 4)
|
Batting: RHB Weldon Bell
|
0-0: Fly out, F4 (Line Drive, 4)
|
Batting: RHB Ronald Cleveland
|
0-0: Ball 1-0: Swinging Strike 1-1: Foul Ball, location: 2F 1-2: Strikes out looking
|
Bottom of the 4th over - 0 run(s), 0 hit(s), 0 error(s), 0 left on base; H.H. Dow HS 4 - John Jay HS 3 |
TOP OF THE 5TH |
H.H. Dow HS Chargers batting - Pitching for John Jay HS Patriots : RHP Arturo Martínez
|
Batting: RHB Lee Kestle
|
0-0: Called Strike 0-1: Ball 1-1: Foul Ball, location: 2F 1-2: Strikes out swinging
|
Batting: SHB Bob Erwin
|
0-0: Ball 1-0: Called Strike 1-1: SINGLE (Flyball, 8LS)
|
Batting: RHB John Hughes
|
0-0: Ball 1-0: SINGLE (Line Drive, 8LS) Bob Erwin to second
|
Batting: RHB Roy Lovell
|
0-0: Ball 1-0: Ball 2-0: Foul Ball, location: 2F 2-1: Ball 3-1: Base on Balls Bob Erwin to third John Hughes to second
|
Batting: LHB Joaquín Trejo
|
0-0: Called Strike 0-1: Foul Ball, location: 2F 0-2: Foul Ball, location: 2F 0-2: Strikes out swinging
|
Batting: RHB Greg Finley
|
0-0: Foul Ball, location: 2F 0-1: SINGLE (Line Drive, 78M) Bob Erwin scores John Hughes to third Roy Lovell to second Runner from 3rd tries for Home, SAFE, throw made at trailing runner, SAFE at third!
|
Batting: RHB Mario Ramírez
|
0-0: Ball 1-0: Ball 2-0: Called Strike 2-1: Ball 3-1: Foul Ball, location: 2F 3-2: Base on Balls Greg Finley to second
|
Batting: LHB Walt George
|
0-0: Ball 1-0: Ball 2-0: Ball 3-0: Base on Balls Roy Lovell scores Greg Finley to third Mario Ramírez to second
|
Batting: RHB Melvin Matthews
|
0-0: Ball 1-0: Ball 2-0: Ball 3-0: Base on Balls Greg Finley scores Mario Ramírez to third Walt George to second
|
Pitching: LHP Jim Douglas
|
|
Batting: RHB Lee Kestle
|
0-0: Foul Ball, location: 2F 0-1: Swinging Strike 0-2: Ball 1-2: Strikes out swinging
|
Top of the 5th over - 4 run(s), 3 hit(s), 0 error(s), 3 left on base; H.H. Dow HS 8 - John Jay HS 3 |
BOTTOM OF THE 5TH |
John Jay HS Patriots batting - Pitching for H.H. Dow HS Chargers : RHP James West
|
Batting: LHB Jeff Egbert
|
0-0: Ball 1-0: Ball 2-0: Called Strike 2-1: Foul Ball, location: 2F 2-2: Fly out, F8 (Flyball, 78S)
|
Batting: RHB Gunnar Wallace
|
0-0: Ball 1-0: Called Strike 1-1: Foul Ball, location: 2F 1-2: SINGLE (Line Drive, 78S)
|
Batting: LHB Dean Kelly
|
0-0: Ball 1-0: Called Strike 1-1: Ball 2-1: Foul Ball, location: 2F 2-2: Fielders Choice at 2nd, 1-6 (Groundball, 13)
|
Pitching: RHP James Smith
|
|
Batting: RHB Kevin Hawkins
|
0-0: Ball 1-0: Ball 2-0: Ball 3-0: Called Strike 3-1: Called Strike 3-2: Foul Ball, location: 2F 3-2: SINGLE (Line Drive, 89S) Dean Kelly to second Dean Kelly to third
|
Batting: SHB António Villa
|
0-0: Called Strike 0-1: Ball 1-1: SINGLE (Flyball, 7LS) Dean Kelly scores Kevin Hawkins to second
|
Batting: RHB Ken Williams
|
0-0: Called Strike 0-1: Foul Ball, location: 2F 0-2: Ball 1-2: Reached on error, E5 (Groundball, 56) Kevin Hawkins to third António Villa to second
|
Batting: SHB Oliver Miles
|
0-0: Ball 1-0: Called Strike 1-1: Ground out 1-3 (Groundball, 15)
|
Bottom of the 5th over - 1 run(s), 3 hit(s), 1 error(s), 3 left on base; H.H. Dow HS 8 - John Jay HS 4 |
TOP OF THE 6TH |
H.H. Dow HS Chargers batting - Pitching for John Jay HS Patriots : LHP Jim Douglas
|
Batting: SHB Bob Erwin
|
0-0: Ground out 6-3 (Groundball, 6)
|
Batting: RHB John Hughes
|
0-0: Ball 1-0: Ball 2-0: Fly out, F9 (Flyball, 9S)
|
Batting: RHB Roy Lovell
|
0-0: Foul Ball, location: 2F 0-1: Swinging Strike 0-2: Ball 1-2: Ground out 1-3 (Groundball, 13S)
|
Top of the 6th over - 0 run(s), 0 hit(s), 0 error(s), 0 left on base; H.H. Dow HS 8 - John Jay HS 4 |
BOTTOM OF THE 6TH |
John Jay HS Patriots batting - Pitching for H.H. Dow HS Chargers : RHP James Smith
|
Batting: RHB Weldon Bell
|
0-0: Fly out, F8 (Flyball, 8LM)
|
Batting: RHB Ronald Cleveland
|
0-0: Ball 1-0: Ball 2-0: Ball 3-0: Called Strike 3-1: Base on Balls
|
Batting: LHB Jeff Egbert
|
Pickoff Throw to First - Error! E1 Ronald Cleveland to second 0-0: Ball 1-0: Swinging Strike 1-1: SINGLE (Groundball, 56D) Ronald Cleveland to third Runner from 3rd tries for Home, SAFE, no throw
|
Batting: RHB Gunnar Wallace
|
0-0: Ball 1-0: Foul Ball, location: 2F 1-1: Ball 2-1: Fly out, F8 (Flyball, 78M)
|
Batting: LHB Dean Kelly
|
0-0: Fly out, F7 (Flyball, 78M)
|
Bottom of the 6th over - 1 run(s), 1 hit(s), 1 error(s), 1 left on base; H.H. Dow HS 8 - John Jay HS 5 |
TOP OF THE 7TH |
H.H. Dow HS Chargers batting - Pitching for John Jay HS Patriots : LHP Jim Douglas
|
Batting: LHB Joaquín Trejo
|
0-0: Called Strike 0-1: Reached on error, E3 (Groundball, 34)
|
Batting: RHB Greg Finley
|
0-0: Ball 1-0: Bunt missed! 1-1: Sac Bunt - play at first, batter OUT! 1-4 Joaquín Trejo to second
|
Batting: RHB Mario Ramírez
|
0-0: Swinging Strike 0-1: Swinging Strike 0-2: Ball 1-2: Fly out, F5 (Popup, 5L)
|
Batting: LHB Walt George
|
0-0: Called Strike 0-1: Ball 1-1: Ball 2-1: Ball 3-1: Base on Balls
|
Batting: RHB Melvin Matthews
|
0-0: Called Strike 0-1: Swinging Strike 0-2: Strikes out looking
|
Top of the 7th over - 0 run(s), 0 hit(s), 1 error(s), 2 left on base; H.H. Dow HS 8 - John Jay HS 5 |
BOTTOM OF THE 7TH |
John Jay HS Patriots batting - Pitching for H.H. Dow HS Chargers : RHP James Smith
|
Batting: RHB Kevin Hawkins
|
0-0: Called Strike 0-1: Ball 1-1: Foul Ball, location: 2F 1-2: Ball 2-2: Ground out 5-3 (Groundball, 5L)
|
Batting: SHB António Villa
|
0-0: Ball 1-0: DOUBLE (Line Drive, 78D)
|
Batting: RHB Ken Williams
|
0-0: Ball 1-0: Ball 2-0: Swinging Strike 2-1: Ball 3-1: Foul Ball, location: 2F 3-2: Foul Ball, location: 2F 3-2: Strikes out swinging
|
Batting: SHB Oliver Miles
|
0-0: Called Strike 0-1: Foul Ball, location: 2F 0-2: Fly out, F8 (Flyball, 8LD)
|
Bottom of the 7th over - 0 run(s), 1 hit(s), 0 error(s), 1 left on base; H.H. Dow HS 8 - John Jay HS 5 |
TOP OF THE 8TH |
H.H. Dow HS Chargers batting - Pitching for John Jay HS Patriots : LHP Jim Douglas
|
Batting: RHB Lee Kestle
|
0-0: Ball 1-0: Ball 2-0: Ball 3-0: Called Strike 3-1: Foul Ball, location: 2F 3-2: Base on Balls
|
Batting: SHB Bob Erwin
|
0-0: Foul Ball, location: 2F 0-1: Foul Ball, location: 2F 0-2: Fly out, F5 (Line Drive, 5)
|
Batting: RHB John Hughes
|
0-0: Called Strike 0-1: Ball 1-1: Fly out, F9 (Flyball, 89M)
|
Batting: RHB Roy Lovell
|
0-0: Fly out, F2 (Popup, 2L)
|
Top of the 8th over - 0 run(s), 0 hit(s), 0 error(s), 1 left on base; H.H. Dow HS 8 - John Jay HS 5 |
BOTTOM OF THE 8TH |
John Jay HS Patriots batting - Pitching for H.H. Dow HS Chargers : RHP James Smith
|
Now at SS: Pat Turner
|
|
Batting: RHB Weldon Bell
|
0-0: Called Strike 0-1: SINGLE (Groundball, 56D)
|
Pitching: RHP Henry Brown
|
|
Batting: RHB Ronald Cleveland
|
0-0: Called Strike 0-1: Ball 1-1: Ball 2-1: Ball 3-1: Foul Ball, location: 2F 3-2: Reached on error, E5 (Groundball, 56) Weldon Bell to second
|
Pitching: LHP Jim Stark
|
|
Batting: LHB Jeff Egbert
|
0-0: Swinging Strike 0-1: Foul Ball, location: 2F 0-2: Foul Ball, location: 2F 0-2: Ball 1-2: Ball 2-2: Ball 3-2: Base on Balls Weldon Bell to third Ronald Cleveland to second
|
Pitching: RHP Tomás Granados
|
|
Batting: RHB Gunnar Wallace
|
0-0: Swinging Strike 0-1: Ground out 6-3 (Groundball, 6S) Weldon Bell scores Ronald Cleveland to third Jeff Egbert to second
|
Batting: LHB Dean Kelly
|
0-0: Ball 1-0: Ball 2-0: Foul Ball, location: 2F 2-1: Swinging Strike 2-2: Ball 3-2: SINGLE (Line Drive, 56D) Ronald Cleveland scores Jeff Egbert to third
|
Batting: RHB Kevin Hawkins
|
0-0: Ball 1-0: Called Strike 1-1: Foul Ball, location: 2F 1-2: Foul Ball, location: 2F 1-2: Ball 2-2: Ball Wild Pitch! Jeff Egbert scores Dean Kelly to second 3-2: Intentional Walk
|
Batting: SHB António Villa
|
0-0: Ball 1-0: Swinging Strike 1-1: Foul Ball, location: 2F 1-2: Ball 2-2: Ball 3-2: Foul Ball, location: 2F 3-2: Base on Balls Dean Kelly to third Kevin Hawkins to second
|
Batting: RHB Ken Williams
|
0-0: Ball 1-0: Ball 2-0: Called Strike 2-1: Foul Ball, location: 2F 2-2: Ball 3-2: SINGLE (Groundball, 4MD) Dean Kelly scores Kevin Hawkins to third António Villa to second Runner from 3rd tries for Home, SAFE, no throw
|
Pitching: RHP Francisco Peña
|
|
Batting: SHB Oliver Miles
|
0-0: Called Strike 0-1: Foul Ball, location: 2F 0-2: Ball 1-2: Hit by Pitch António Villa to third Ken Williams to second
|
Batting: RHB Weldon Bell
|
0-0: Foul Ball, location: 2F 0-1: Ball 1-1: Ball 2-1: Grounds into fielders choice 3-2 (Groundball, 34S) Ken Williams to third Oliver Miles to second
|
Batting: RHB Ronald Cleveland
|
0-0: Ball 1-0: Ball 2-0: Ball 3-0: Base on Balls Ken Williams scores Oliver Miles to third Weldon Bell to second
|
Batting: LHB Jeff Egbert
|
0-0: SINGLE (Line Drive, 78S) Oliver Miles scores Weldon Bell to third Ronald Cleveland to second Runner from 3rd tries for Home, SAFE, no throw
|
Batting: RHB Gunnar Wallace
|
0-0: SINGLE (Groundball, 56D) Ronald Cleveland to third Jeff Egbert to second Runner from 3rd tries for Home, SAFE, no throw
|
Batting: LHB Dean Kelly
|
0-0: Ball 1-0: Ball 2-0: Called Strike 2-1: Ball 3-1: Base on Balls Jeff Egbert to third Gunnar Wallace to second
|
Batting: RHB Kevin Hawkins
|
0-0: Called Strike 0-1: Swinging Strike 0-2: Ball 1-2: Ball 2-2: Fielders Choice at 2nd, 5-4 (Groundball, 5L)
|
Bottom of the 8th over - 9 run(s), 5 hit(s), 1 error(s), 2 left on base; H.H. Dow HS 8 - John Jay HS 14 |
TOP OF THE 9TH |
H.H. Dow HS Chargers batting - Pitching for John Jay HS Patriots : LHP Jim Douglas
|
Now at C: Nick Carter
|
|
Batting: LHB Joaquín Trejo
|
0-0: Called Strike 0-1: Ball 1-1: Swinging Strike 1-2: Strikes out looking
|
Batting: RHB Greg Finley
|
0-0: Swinging Strike 0-1: Swinging Strike 0-2: Strikes out swinging
|
Batting: RHB Mario Ramírez
|
0-0: Ball 1-0: Called Strike 1-1: Foul Ball, location: 2F 1-2: Ball 2-2: Ball 3-2: Foul Ball, location: 2F 3-2: Strikes out looking
|
Top of the 9th over - 0 run(s), 0 hit(s), 0 error(s), 0 left on base; H.H. Dow HS 8 - John Jay HS 14 |
|